 Dungeon Crawl Stone Soup version 0.28-a0-751-gef3a642a4e (webtiles) character file.

Game seed: 3798763116935753775

0 spiderkeys the Skirmisher (level 1, -6/14 HPs)
             Began as a Gargoyle Abyssal Knight on Oct 31, 2021.
             Was a Follower of Lugonu.
             Mangled by a large abomination (20 damage)
             ... on level 3 of the Abyss.
             The game lasted 00:01:00 (168 turns).

spiderkeys the Skirmisher (Gargoyle Abyssal Knight)  Turns: 168, Time: 00:01:00

Health: -6/14      AC: 11    Str: 16    XL:     1   Next: 0%
Magic:  2/2        EV:  6    Int: 10    God:    Lugonu [*.....]
Gold:   36         SH:  0    Dex: 10    Spells: 0/0 levels left

rFire   . . .      SeeInvis .   a - +2 mace
rCold   . . .      Faith    .   (no shield)
rNeg    + . .      Spirit   .   g - +0 chain mail
rPois   ∞          Reflect  .   (no helmet)
rElec   +          Harm     .   (no cloak)
rCorr   .          Rampage  .   (no gloves)
Will    .....                   (no boots)
Stlth   ..........              (no amulet)
HPRegen 0.04/turn               (no ring)
MPRegen 0.08/turn               (no ring)

@: no status effects
A: sickness immunity, AC +2, negative energy resistance 1, electricity
resistance, torment resistance 1, petrification resistance
a: Renounce Religion, Depart the Abyss


You were on level 3 of the Abyss.
You worshipped Lugonu.
Lugonu was aware of your devotion.
You visited 0 branches of the dungeon, and saw 0 of its levels.
You visited the Abyss 1 time.

You collected 36 gold pieces.


Innate Abilities, Weirdness & Mutations

You are immune to sickness and miasma.
Your stone body is resilient. (AC +2)
You are immune to poison.
You resist negative energy. (rN+)
You are resistant to electric shocks. (rElec)
You are resistant to unholy torment.
You are immune to petrification.


   Skills:
 + Level 3.2 Fighting
 + Level 2.0 Maces & Flails
 + Level 2.1 Armour
 - Level 0.7 Dodging
 + Level 2.0 Invocations


You couldn't memorise any spells.
You didn't know any spells.
Your spell library contained the following spells:

 Spells                   Type           Power      Damage    Failure   Level
 Tukima's Dance           Hex            0%         N/A       100%        3
 Passage of Golubria      Tloc           0%         N/A       100%        4
 Yara's Violent Unravell  Hex/Tmut       0%         3d3       100%        5

Inventory:

Hand Weapons
 a - a +2 mace (weapon)
Armour
 g - a +0 chain mail (worn)
   (You found it on level 3 of the Abyss)
Wands
 d - a wand of mindburst (11)
   (You found it on level 2 of the Abyss)
Potions
 e - a potion of heal wounds {unknown}
 f - 2 potions of curing {unknown}

Dungeon Overview and Level Annotations

Branches:
Dungeon (0/15)

Altars:

.#.#$.....#[....
#../#.#... ##....#
.#.....#.#│...... ###.
###...#. .X###>.. ##..
##.#####.\#/..# . ###..
.#. ...#..X##w....#
##............#.zz....#...
.. # . ..#.. ...##x..#..#
. # .. .#... .##...#.#...#
# ##.#.. #...##@.....#..#.
. ####.######.X##.#....# .
### ##.##...### ...###.#
#.## #.. (. .## ... # ...


You could see a tentacled starspawn, 2 large abominations, a small abomination,
a starspawn tentacle and 2 flying skulls.


Message History

🤖 Initializing magus.rc ... ✅ Successfully initialized magus.rc [v1.9.10] Welcome, spiderkeys the Gargoyle Abyssal Knight.
Will you be the one to retrieve the terrific Orb of Zot from the depths?
Be careful!
Halloween tonight.
Lugonu says: Depart the Abyss and spread corruption, my servant! (use the ability menu to exit the Abyss) Press ? for a list of commands and other information.
Found 4 gold pieces.
Found a corrupted altar of Lugonu.
You enter the shallow water.
Moving in this stuff is going to be slow.
You now have 4 gold pieces.
You enter the shallow water.
Moving in this stuff is going to be slow.
c - a scroll labelled CUUHEL XICRYP
Found a gateway leading deeper into the Abyss.
There is a gateway leading deeper into the Abyss here.
You plunge deeper into the Abyss.
d - a wand of mindburst (11)
e - a blue potion
Found 15 gold pieces.
Found a gateway leading deeper into the Abyss.
You now have 19 gold pieces (gained 15).
Found a gateway leading deeper into the Abyss.
You now have 36 gold pieces (gained 17).
There is a gateway leading deeper into the Abyss here.
You plunge deeper into the Abyss.
The abyssal rune of Zot can be found at this depth.
You pick up Great Wizards, Vol.
VII and begin reading...
You add the spells Tukima's Dance, Passage of Golubria and Yara's Violent Unravelling to your library.
f - 2 pink potions You see here a +0 chain mail.
g - a +0 chain mail
Okay, then.
You start removing your armour.
You continue taking off your +0 leather armour. x4
You finish taking off your +0 leather armour.
You start putting on your armour.
You continue putting on your +0 chain mail. x5
You finish putting on your +0 chain mail.
Drop what? 7/52 slots (_ for help) (? for menu, Esc to quit)
You drop a +0 leather armour.
A large abomination comes into view.
As you read the scroll labelled CUUHEL XICRYP, it crumbles to dust.
It is a scroll of enchant weapon.
Your +1 mace glows red for a moment.
The large abomination closely misses you.
A small abomination comes into view.
A tentacled starspawn comes into view.
The small abomination hits you but does no damage.
A flying skull comes into view.
The flying skull gives a hideous shriek!
The small abomination completely misses you.
Tentacles burst from the starspawn's body! 2 starspawn tentacles come into view.
A large abomination and a flying skull come into view.
The small abomination hits you but does no damage.
The large abomination hits you!!
Ouch! That really hurt!
You die...

Action                   || total
-------------------------++-------
  Use: Scroll            ||     1
Armor: Chain mail        ||     2
Dodge: Dodged            ||     2

Levels and vault maps discovered:
Abyss:3:  base: Temple, guppyfry_abyss_exit_glass_guarded,
          dshaligram_kb_abyss_rune_zappy_water_cross

Notes
Turn   | Place    | Note
-------+----------+-------------------------------------------
     0 | Abyss:1  | spiderkeys the Gargoyle Abyssal Knight began the quest for
                  | the Orb.
     0 | Abyss:1  | Reached XP level 1. HP: 14/14 MP: 2/2
     0 | Abyss:1  | magus.rc [v1.9.10]
    89 | Abyss:3  | You add the spells Tukima's Dance, Passage of Golubria and
                  | Yara's Violent Unravelling to your library.
   133 | Abyss:3  | Noticed a large abomination
   160 | Abyss:3  | Noticed a small abomination
   161 | Abyss:3  | Noticed a tentacled starspawn
   161 | Abyss:3  | Noticed a flying skull
   165 | Abyss:3  | Noticed a flying skull
   165 | Abyss:3  | Noticed a large abomination
   168 | Abyss:3  | Mangled by a large abomination

Vanquished Creatures (others)
  A starspawn tentacle (Abyss:3)
1 creature vanquished.

Table legend:
 A = Non-vault XP
 B = Vault XP
 C = Vault XP percentage of total XP
 D = Non-vault monster count
 E = Vault monster count
 F = Vault count percentage of total count
                 A         B        C        D         E       F
            +---------+---------+-------+---------+---------+-------
      Total |       0 |       0 |   N/A |       0 |       0 |  -nan
            +---------+---------+-------+---------+---------+-------
            +---------+---------+-------+---------+---------+-------

Illustrated notes

Table legend: (Time is in decaauts)
 A = Elapsed time spent in this place.
 B = Non-inter-level travel time spent in this place.
 C = Inter-level travel time spent in this place.
 D = Time resting spent in this place.
 E = Time spent auto-exploring this place.
 F = Levels seen in this place.
 G = Mean time per level.
                   A        B        C        D        E       F      G
               +--------+--------+--------+--------+--------+-----+--------+
         Total |    168 |    168 |      0 |      0 |     32 |   3 |   56.0 |
         Abyss |    168 |    168 |      0 |      0 |     32 |   3 |   56.0 |
               +--------+--------+--------+--------+--------+-----+--------+

Top non-repeatable levels by time:
 Abyss:3: 86 daAuts
 Abyss:2: 44 daAuts
 Abyss:1: 37 daAuts
